 Dungeon Crawl Stone Soup version 0.20.1-1-g8b1a95d (webtiles) character file.

919 greprep the Fighter (level 7, 0/69 HPs)
             Began as a Minotaur Fighter on July 24, 2017.
             Was an Initiate of Ashenzari.
             Slain by a two-headed ogre
             ... wielding a cursed -2 giant club
              (18 damage)
             ... on level 5 of the Dungeon.
             The game lasted 00:09:03 (5131 turns).

greprep the Fighter (Minotaur Fighter)              Turns: 5131, Time: 00:09:04

Health: 0/69       AC:  8    Str: 21    XL:     7   Next: 83%
Magic:  6/6        EV:  7    Int:  7    God:    Ashenzari [......]
Gold:   262        SH:  9    Dex:  9    Spells: 6/6 levels left

rFire    + . .     SeeInvis .   a - +0 flail
rCold    + . .     Gourm    +   c - +0 shield
rNeg     . . .     Faith    .   b - +0 scale mail
rPois    .         Spirit   .   (helmet restricted)
rElec    .         Reflect  .   h - scarf {rC+ rF+}
rCorr    .         Harm     .   (no gloves)
MR       .....                  q - +0 pair of boots
Stlth    ..........             n - amulet of the gourmand
Regen    0.3/turn               (no ring)
MPRegen  0.1/turn               (no ring)

@: no status effects
A: retaliatory headbutt, horns 2
a: Curse Item, Renounce Religion


You were on level 5 of the Dungeon.
You worshipped Ashenzari.
Ashenzari was noncommittal.
You were not hungry.

You visited 1 branch of the dungeon, and saw 5 of its levels.

You collected 262 gold pieces.

Inventory:

Hand Weapons
 a - a +0 flail (weapon)
Armour
 b - a +0 scale mail (worn)
 c - a +0 shield (worn)
 h - a scarf of resistance (worn)
 q - a +0 pair of boots (worn)
Jewellery
 n - an amulet of the gourmand (around neck)
Wands
 w - a wand of acid (5/15)
Scrolls
 e - a scroll of teleportation {unknown}
 g - 2 scrolls of remove curse
 i - a scroll of enchant armour {unknown}
 j - 5 scrolls of identify
 l - 3 scrolls of random uselessness {unknown}
 o - 2 scrolls of recharging {unknown}
 p - 2 scrolls of fog {unknown}
 t - a scroll of immolation {unknown}
 u - a scroll of enchant weapon {unknown}
Potions
 d - a potion of might
 k - 2 potions of agility {unknown}
 r - 2 potions of cancellation {unknown}
 s - 2 potions of curing {unknown}
Comestibles
 f - 5 bread rations
 m - 2 royal jellies
 v - 3 fruits


   Skills:
 + Level 8.3 Fighting
 + Level 8.1 Maces & Flails
 - Level 3.6 Armour
 - Level 3.6 Shields


You had 6 spell levels left.
You didn't know any spells.

Dungeon Overview and Level Annotations

Branches:
Dungeon (5/15)
 Temple: D:4-7

Altars:
Ashenzari
Elyvilon
Gozag
Nemelex Xobeh
Qazlal
Sif Muna
Uskayaw
The Shining One


Innate Abilities, Weirdness & Mutations

You reflexively headbutt those who attack you in melee.
You have a pair of horns on your head.


Message History

An adder comes into view.
You hit the two-headed ogre. You headbutt the two-headed ogre!
The two-headed ogre is moderately wounded.
The two-headed ogre hits you with a giant club!!
The two-headed ogre hits you with a giant club!
You are too injured to fight recklessly!
You hit the two-headed ogre. You headbutt the two-headed ogre!
The two-headed ogre is heavily wounded.
The two-headed ogre hits you with a giant club!
* * * LOW HITPOINT WARNING * * *
The two-headed ogre hits you but does no damage.
Unknown command.
You sock the two-headed ogre!
The two-headed ogre is almost dead.
You block the two-headed ogre's attack.
The two-headed ogre hits you but does no damage.
You hit the two-headed ogre. You headbutt the two-headed ogre.
The two-headed ogre is almost dead.
The two-headed ogre hits you with a giant club!!
You die...

.###############..#
## #......#
#.###.## #.# #.#
######.###.#
........†...#
#######.##..#
#.##..# . ..##.@#
....#####O.#
#......S.#
#######.## ..# ####


You could see a two-headed ogre and an adder.

Vanquished Creatures
  A hippogriff (D:5)
  2 phantoms (D:4)
  The ghost of LeVisiteur the Skirmisher, a weakling DsCK of Xom (D:3)
  Crazy Yiuf (D:2)
  A gnoll shaman (D:4)
  A hound (D:5)
  Jessica (D:2)
  An iguana (D:4)
  3 worker ants (D:4)
  Robin (D:4)
  7 gnolls
  A howler monkey skeleton (D:5)
  8 adders
  A shadow imp (D:5)
  2 oozes
  An adder skeleton (D:4)
  2 worms
  4 dart slugs
  2 leopard geckos (D:5)
  8 orcs
  9 giant cockroaches
  15 goblins
  19 hobgoblins
  6 jackals
  4 quokkas
  6 bats
  4 frilled lizards
  2 kobolds (D:1)
  A leopard gecko zombie (D:5)
  8 rats
  A fungus (D:1)
  A plant (D:1)
125 creatures vanquished.

Notes
Turn   | Place    | Note
-------+----------+-------------------------------------------
     0 | D:1      | greprep the Minotaur Fighter began the quest for the Orb.
     0 | D:1      | Reached XP level 1. HP: 19/19 MP: 0/0
   166 | D:1      | Reached XP level 2. HP: 27/27 MP: 1/1
   374 | D:1      | Reached XP level 3. HP: 30/34 MP: 2/2
  1187 | D:2      | Reached XP level 4. HP: 33/41 MP: 3/3
  1246 | D:2      | Found a runed door.
  1392 | D:2      | Noticed Crazy Yiuf
  1402 | D:2      | Killed Crazy Yiuf
  1402 | D:2      | Reached skill level 5 in Fighting
  1904 | D:2      | Noticed Jessica
  1907 | D:2      | Killed Jessica
  1907 | D:2      | Reached XP level 5. HP: 48/48 MP: 4/4
  2104 | D:2      | Reached skill level 5 in Maces & Flails
  2339 | D:3      | Noticed LeVisiteur's ghost (weakling DsCK)
  2353 | D:3      | Killed LeVisiteur's ghost
  2505 | D:3      | Found a glowing golden altar of the Shining One.
  2894 | D:4      | Noticed Robin
  2910 | D:4      | Reached XP level 6. HP: 23/57 MP: 5/5
  3310 | D:4      | Killed Robin
  3475 | D:4      | Found a hide-covered altar of Uskayaw.
  3842 | D:4      | Reached XP level 7. HP: 47/66 MP: 6/6
  3981 | D:4      | Found a deep blue altar of Sif Muna.
  4467 | D:5      | Entered Level 5 of the Dungeon
  4495 | D:5      | Noticed a hippogriff
  4504 | D:5      | Killed a hippogriff
  4622 | D:5      | Found a shattered altar of Ashenzari.
  4633 | D:5      | Became a worshipper of Ashenzari the Shackled
  4784 | D:5      | Found a white marble altar of Elyvilon.
  4937 | D:5      | Found an opulent altar of Gozag.
  4974 | D:5      | Found a sparkling altar of Nemelex Xobeh.
  4988 | D:5      | Found a stormy altar of Qazlal.
  5121 | D:5      | Noticed a two-headed ogre
  5131 | D:5      | Slain by a two-headed ogre

Skill      XL: |  1  2  3  4  5  6  7 |
---------------+----------------------+-----
Fighting       | 4 5 6 7 8 |  8.3
Maces & Flails | 3 4 5 7 8 |  8.1
Armour         | |  3.6
Shields        | |  3.6

Action                   |  1- 3 |  4- 6 |  7- 9 || total
-------------------------+-------+-------+-------++-------
Melee: Flail             |   115 |   208 |    65 ||   388
       Headbutt          |    23 |    31 |    17 ||    71
  Use: Potion            |       |     1 |       ||     1
       Scroll            |       |       |     2 ||     2
  Eat: Chunk             |       |     6 |     5 ||    11
       Meat ration       |       |     1 |       ||     1
Armor: Scale mail        |    42 |   101 |    24 ||   167
Dodge: Dodged            |    34 |    72 |    10 ||   116
Block: Shield            |    45 |   106 |    28 ||   179
